 Dungeon Crawl Stone Soup version 0.32-a0-933-ga8fa3634e4 (webtiles) character file.

Game seed: 10271797537128532133

617 glaedl the Trooper (level 7, -3/64 HPs)
             Began as a Ghoul Gladiator on Apr 14, 2024.
             Slain by Duvessa
             ... wielding a +0 rapier
              (8 damage)
             ... on level 4 of the Dungeon.
             The game lasted 00:07:27 (3132 turns).

glaedl the Trooper (Ghoul Gladiator)                Turns: 3132, Time: 00:07:28

Health: -3/64      AC: 15    Str: 20    XL:     7   Next: 45%
Magic:  7/7        EV: 11    Int:  7    God:
Gold:   108        SH:  0    Dex: 10    Spells: 6/6 levels left

rFire   + .          .
                       - Unarmed
rCold   + . .        (no shield)
rNeg    + + +        o - +0 ring mail "Haubb" {rF+}
rPois   ∞            b - +1 helmet
rElec   .            (no cloak)
rCorr   .            (no gloves)
SInv    .            (no boots)
Will    .....        (no amulet) Stlth
                     j - +4 ring of protection
HPRegen 0.00/turn    l - +4 ring of protection
MPRegen 0.10/turn

%: no passive effects
@: inhibited regen
A: claws 1, cold resistance 1, negative energy resistance 3, inhibited
regeneration, torment resistance 2, devour on kill
a: no special abilities


You were on level 4 of the Dungeon.
You visited 1 branch of the dungeon, and saw 4 of its levels.

You collected 108 gold pieces.

Inventory:

Missiles
 c - 3 throwing nets (quivered)
 d - a javelin
Armour
 a - a +0 leather armour
 b - a +1 helmet (worn)
 o - the +0 ring mail "Haubb" (worn) {rF+}
   (You found it on level 3 of the Dungeon)

   rF+:       It protects you from fire.
Jewellery
 j - a +4 ring of protection (left claw)
 l - a +4 ring of protection (right claw)
Wands
 f - a wand of flame (18)
Scrolls
 e - a scroll of butterflies {unknown}
 i - 3 scrolls of enchant armour
 p - a scroll of poison {unknown}
Potions
 h - a potion of brilliance {unknown}
 k - 2 potions of resistance {unknown}
 m - 2 potions of might {unknown}
 n - a potion of haste {unknown}


   Skills:
 * Level 6.4 Fighting
 - Level 1.7 Throwing
 + Level 4.4 Dodging
 + Level 5.4 Unarmed Combat


You had 6 spell levels left.
You didn't know any spells.
Your spell library contained the following spells:

 Spells                   Type           Power      Damage    Failure   Level
 Blink                    Tloc           0%         N/A       77%         2
 Lesser Beckoning         Tloc           0%         N/A       77%         2
 Momentum Strike          Conj/Tloc      0%         3d8       77%         2


Dungeon Overview and Level Annotations

Branches:
Dungeon (4/15)
 Temple: D:4-7

Altars:
Nemelex Xobeh

Shops:
D:2 (   D:3 !

Annotations:
D:4 Duvessa


Innate Abilities, Weirdness & Mutations

You are immune to poison.
You have sharp fingernails.
Your flesh is cold resistant. (rC+)
You are immune to negative energy. (rN+++)
You do not regenerate when monsters are visible.
You are immune to unholy pain and torment.
You thrive by killing the living.


Message History

Dowan is almost dead.
Duvessa closely misses you. Dowan hits you with a +0 dagger.
You claw Dowan!
You kill Dowan!
You feel better.
Duvessa weeps, and shakes her weapon.
Duvessa goes berserk!
Duvessa hits you with a +0 rapier! Duvessa hits you with a +0 rapier.
You barely miss Duvessa.
Duvessa is lightly wounded.
Duvessa closely misses you.
You claw Duvessa!
Duvessa is moderately wounded.
Duvessa barely misses you.
You scratch Duvessa but do no damage.
Duvessa is moderately wounded.
Duvessa hits you with a +0 rapier! x2
You closely miss Duvessa.
Duvessa is moderately wounded.
Duvessa hits you with a +0 rapier.
* * * LOW HITPOINT WARNING * * *
You claw Duvessa!
Duvessa is heavily wounded.
Duvessa closely misses you.
You scratch Duvessa.
Duvessa is heavily wounded.
Duvessa barely misses you. Duvessa hits you with a +0 rapier!
* * * LOW HITPOINT WARNING * * *
You feel better. Duvessa misses you.
You feel better. Duvessa hits you with a +0 rapier!
* * * LOW HITPOINT WARNING * * *
Duvessa hits you with a +0 rapier.
* * * LOW HITPOINT WARNING * * *
You barely miss Duvessa.
Duvessa is heavily wounded.
Duvessa closely misses you.
You scratch Duvessa.
Duvessa is heavily wounded.
Duvessa hits you with a +0 rapier!
You die...

#.# #.# ## #.#
.....######
#.#####...........
#.......§.≈.......
#.....#.....#...#.
##.e.≈....#....§...
#####)@#...#.....#§§§#§
..............≈.≈......§
########.≈.≈.......≈.§..
##.....#...#...§§#
#...#....≈....#...
######......#...#.....#
........≈.≈.......§.≈.§
######.......≈.≈.§.§.§§
#.#...#.....#...#§


You could see Duvessa (berserk).

Vanquished Creatures
  Sigmund (D:3)
  Dowan (D:4)
  A bombardier beetle (D:3)
  A gnoll bouda (D:4)
  Jessica (D:3)
  Natasha (thrice) (D:3)
  6 adders
  9 gnolls
  4 dart slugs
  4 orcs (D:3)
  9 ball pythons
  6 bats
  11 endoplasms
  5 giant cockroaches
  9 goblins
  3 hobgoblins
  3 jackals (D:3)
  12 kobolds
  5 quokkas
  9 frilled lizards
  8 rats
111 creatures vanquished.

Notes
Turn   | Place    | Note
-------+----------+-------------------------------------------
     0 | D:1      | glaedl the Ghoul Gladiator began the quest for the Orb.
     0 | D:1      | Reached XP level 1. HP: 17/17 MP: 1/1
   125 | D:1      | Reached XP level 2. HP: 20/25 MP: 2/2
   302 | D:1      | Reached skill level 3 in Fighting
   363 | D:1      | Reached XP level 3. HP: 31/31 MP: 3/3
  1127 | D:2      | Found a sparkling altar of Nemelex Xobeh.
  1331 | D:2      | Reached XP level 4. HP: 39/39 MP: 4/4
  1755 | D:2      | Reached skill level 4 in Fighting
  1879 | D:2      | Found Depuymn's Weapon Emporium.
  1960 | D:3      | Reached XP level 5. HP: 46/46 MP: 5/5
  2003 | D:3      | Noticed Sigmund
  2050 | D:3      | Killed Sigmund
  2051 | D:3      | Reached skill level 5 in Fighting
  2051 | D:3      | Reached XP level 6. HP: 50/56 MP: 6/6
  2089 | D:3      | Identified the +0 ring mail "Haubb" {rF+}
  2192 | D:3      | Found Ateac's Distillery.
  2194 | D:3      | Noticed Jessica
  2199 | D:3      | Killed Jessica
  2419 | D:3      | Noticed Natasha
  2428 | D:3      | Killed Natasha
  2437 | D:3      | Noticed Natasha
  2448 | D:3      | Killed Natasha
  2449 | D:3      | Reached skill level 5 in Unarmed Combat
  2527 | D:3      | Noticed Natasha
  2534 | D:3      | Killed Natasha
  2535 | D:3      | Reached XP level 7. HP: 62/62 MP: 7/7
  2742 | D:3      | Reached skill level 6 in Fighting
  3111 | D:4      | Noticed Duvessa
  3111 | D:4      | Noticed Dowan
  3122 | D:4      | Killed Dowan
  3132 | D:4      | Slain by Duvessa

Illustrated notes

Levels and vault maps discovered:
D:1:      dpeg_arrival_pits, layout_basic, hex_tiny
D:2:      layout_loops_ring, serial_shops, shop, basic_altar, kennysheep_path_1
D:3:      minmay_octagon_keep, layout_loops_ring,
          mainiacjoe_overflow_tiny_flanked, serial_shops, shop, uniq_sigmund,
          uniq_jessica, uniq_natasha
D:4:      layout_loops_ring, yredelemnul_altar_generic,
          lemuel_coloured_pillars_altar, st_stairs_9,
          nicolae_kite_square_tiling_tiny, uniq_duvessa

Skill      XL: |  1  2  3  4  5  6  7 |
---------------+----------------------+-----
Fighting       | 3 4 5 6 |  6.4
Dodging        | 3 4 |  4.4
Unarmed Combat | 4 5 |  5.4
Throwing       | |  1.7

Action                     |  1- 3 |  4- 6 |  7- 9 || total
---------------------------+-------+-------+-------++-------
  Melee: Unarmed           |   105 |   168 |    87 ||   360
         Punch             |     2 |     5 |     4 ||    11
    Use: Scroll            |       |     5 |       ||     5
         Potion            |       |       |     2 ||     2
   Stab: Sleeping          |     1 |       |       ||     1
 Armour: Leather armour    |    58 |    50 |       ||   108
         Ring mail         |       |    40 |    46 ||    86
  Dodge: Dodged            |    64 |    83 |    39 ||   186

Table legend: (Time is in decaauts)
 A = Elapsed time spent in this place.
 B = Non-inter-level travel time spent in this place.
 C = Inter-level travel time spent in this place.
 D = Time resting spent in this place.
 E = Time spent auto-exploring this place.
 F = Levels seen in this place.
 G = Mean time per level.
                   A        B        C        D        E       F      G
               +--------+--------+--------+--------+--------+-----+--------+
         Total |   3108 |   2933 |    175 |     55 |   2078 |   4 |  777.0 |
       Dungeon |   3108 |   2933 |    175 |     55 |   2078 |   4 |  777.0 |
               +--------+--------+--------+--------+--------+-----+--------+

Top non-repeatable levels by time:
     D:1: 1084 daAuts
     D:3: 1028 daAuts
     D:2: 836 daAuts
     D:4: 158 daAuts
